 Dungeon Crawl Stone Soup version 0.27.1-2-g3b301248ec (webtiles) character file.

Game seed: 11379385413182180960

48 Jahmms the Chiller (level 4, -6/30 HPs)
             Began as a Human Ice Elementalist on Oct 1, 2021.
             Mangled by a worm (7 damage)
             ... on level 2 of the Dungeon.
             The game lasted 00:22:54 (1860 turns).

Jahmms the Chiller (Human Ice Elementalist)         Turns: 1860, Time: 00:22:55

Health: -6/30      AC:  5    Str:  9    XL:     4   Next: 0%
Magic:  16/16      EV: 11    Int: 16    God:
Gold:   59         SH:  0    Dex: 13    Spells: 7/8 levels left

rFire    . . .     SeeInvis .   e - +0 short sword
rCold    . . .     Faith    .   (no shield)
rNeg     . . .     Spirit   .   j - +0 leather armour
rPois    .         Reflect  .   (no helmet)
rElec    .         Harm     .   (no cloak)
rCorr    .         Rampage  .   i - +0 pair of gloves
Will     .....                  h - +0 pair of boots
Stlth    ++........             (no amulet)
HPRegen  0.10/turn              g - ring of magical power
MPRegen  0.15/turn              (no ring)

@: no status effects
A: no striking features
a: no special abilities


You were on level 2 of the Dungeon.
You visited 1 branch of the dungeon, and saw 2 of its levels.

You collected 59 gold pieces.

Inventory:

Hand Weapons
 b - a +0 whip
 c - a +0 dagger
 d - a +0 club
 e - a +0 short sword (weapon)
Missiles
 f - 11 poisoned darts
Armour
 a - a +0 robe
 h - a +0 pair of boots (worn)
 i - a +0 pair of gloves (worn)
 j - a +0 leather armour (worn)
Jewellery
 g - a ring of magical power (left hand)


   Skills:
 + Level 0.5 Short Blades
 + Level 2.1 Dodging
 + Level 2.0 Stealth
 + Level 2.6 Spellcasting
 + Level 4.7 Ice Magic


You had 7 spell levels left.
You knew the following spells:

 Your Spells              Type           Power      Damage    Failure   Level
a - Freeze                Ice            68%        1d8       4%          1

Your spell library contained the following spells:

 Spells                   Type           Power      Damage    Failure   Level
 Frozen Ramparts          Ice            34%        1d5       12%         3
 Ozocubu's Armour         Ice            17%        N/A       12%         3
 Animate Skeleton         Necr           4%         N/A       28%         1
 Apportation              Tloc           4%         N/A       28%         1
 Corona                   Hex            2%         N/A       28%         1
 Summon Small Mammal      Summ           8%         N/A       28%         1
 Hailstorm                Conj/Ice       9%         3d4       71%         4


Dungeon Overview and Level Annotations

Branches:
Dungeon (2/15)

Altars:

Shops:
D:1 *


Message History

The worm barely misses you.
Aiming: Freeze (safe; 4% risk of failure)
Press: ? - help, Q - select action, (/) - cycle Shift-Dir - straight line, f/p - worm
Aim: a worm (lightly wounded)
You freeze the worm.
The worm is lightly wounded.
You hit the worm.
The worm is moderately wounded.
The worm bites you!
You hit the worm.
The worm is heavily wounded.
You hit the worm but do no damage.
The worm is heavily wounded.
The worm bites you.
You hit the worm.
The worm is heavily wounded.
The worm bites you!
* * * LOW HITPOINT WARNING * * *
A goblin comes into view. It is wielding a +0 dagger.
The goblin shouts!
The goblin hits you but does no damage. The goblin hits you with a +0 dagger.
* * * LOW HITPOINT WARNING * * *
The goblin hits you but does no damage. The goblin barely misses you.
You hit the worm.
The worm is moderately wounded.
The goblin hits you with a +0 dagger.
* * * LOW HITPOINT WARNING * * *
The worm misses you. The goblin hits you with a +0 dagger.
* * * LOW HITPOINT WARNING * * *
The worm bites you but does no damage. The goblin hits you with a +0 dagger.
* * * LOW HITPOINT WARNING * * *
The goblin barely misses you.
You hit the worm.
The worm is moderately wounded.
The goblin barely misses you. The worm bites you!
You die...

####### ##.....## ##.......##
#.........# #####
####.........###@..###
................wg...####
#............###...#....#
####...........#......###
#.........#.#...########## #
#.........#..>...........#
..##...........#............#
#......÷....................#
#..#..<÷.....#.##.#.........#


You could see a worm and a goblin.

Vanquished Creatures
  An adder (D:2)
  3 endoplasms (D:1)
  4 giant cockroaches
  4 hobgoblins
  3 jackals (D:1)
  2 quokkas (D:2)
  5 ball pythons
  4 bats
  3 goblins (D:1)
  5 kobolds (D:1)
  3 rats (D:1)
37 creatures vanquished.

Vanquished Creatures (others)
  3 fungi (D:1)
  A plant (D:1)
4 creatures vanquished.

Grand Total: 41 creatures vanquished

Notes
Turn   | Place    | Note
-------+----------+-------------------------------------------
     0 | D:1      | Jahmms the Human Ice Elementalist began the quest for the
                  | Orb.
     0 | D:1      | Reached XP level 1. HP: 13/13 MP: 3/3
    72 | D:1      | Found a faded altar of an unknown god.
   192 | D:1      | Reached XP level 2. HP: 12/19 MP: 3/5
   800 | D:1      | Reached XP level 3. HP: 24/24 MP: 6/6
  1279 | D:1      | Found Yniev's General Store.
  1763 | D:2      | Reached XP level 4. HP: 27/30 MP: 7/7
  1857 | D:2      | HP: 1/30 [goblin (3)]
  1860 | D:2      | Mangled by a worm

Illustrated notes

Levels and vault maps discovered:
D:1:      ncdulo_smallfort, layout_loops_cross, serial_shops,
          nicolae_shop_statue_plus, shapermc_ecumenical_altar_ellora
D:2:      layout_rooms, basic_altar, uniq_terence, uniq_crazy_yiuf_cottage,
          uniq_sigmund

Action                   |  1- 3 |  4- 6 || total
-------------------------+-------+-------++-------
Melee: Unarmed           |    23 |       ||    23
       Dagger            |    22 |       ||    22
       Short sword       |    18 |     6 ||    24
 Cast: Freeze            |    50 |     2 ||    52
  Use: Scroll            |     3 |       ||     3
Armor: Robe              |    23 |       ||    23
       Leather armour    |       |     3 ||     3
       Skin              |       |     1 ||     1
Dodge: Dodged            |    64 |     6 ||    70
